 Dungeon Crawl Stone Soup version 0.28.0-45-g0d030f2227 (webtiles) character file.

Game seed: 11102463676165557393

117 101zpm the Gusty (level 5, 0/37 HPs)
             Began as a Gnoll Air Elementalist on Apr 24, 2022.
             Slain by an orc priest
             ... wielding a +0 hand axe
              (3 damage)
             ... on level 3 of the Dungeon.
             The game lasted 00:04:42 (2085 turns).

101zpm the Gusty (Gnoll Air Elementalist)           Turns: 2085, Time: 00:04:43

Health: 0/37       AC:  2    Str:  7    XL:     5   Next: 1%
Magic:  0/12       EV: 13    Int: 17    God:
Gold:   53         SH:  0    Dex: 12    Spells: 13/14 levels left

rFire   . . .      SeeInvis .     - Unarmed
rCold   . . .      Faith    .   (no shield)
rNeg    . . .      Spirit   .   a - +0 robe
rPois   .          Reflect  .   (no helmet)
rElec   .          Harm     .   (no cloak)
rCorr   .          Rampage  .   (no gloves)
Will    .....                   (no boots)
Stlth   +++.......              (no amulet)
HPRegen 0.12/turn               (no ring)
MPRegen 0.13/turn               (no ring)

@: no status effects
A: fangs 1, strong nose, distributed training
a: no special abilities


You were on level 3 of the Dungeon.
You visited 1 branch of the dungeon, and saw 3 of its levels.

You collected 53 gold pieces.

Inventory:

Armour
 a - a +0 robe (worn)
Jewellery
 b - a ring of ice
Scrolls
 e - a scroll of amnesia {unknown}
 f - a scroll of magic mapping
 g - a scroll of blinking {unknown}
 i - a scroll of teleportation {unknown}
 j - a scroll of identify
Potions
 c - 2 potions of heal wounds {unknown}
 d - a potion of mutation {unknown}
 h - a potion of degeneration {unknown}


   Skills:
 + Level 1.3 Fighting
 + Level 1.3 Short Blades
 + Level 1.3 Long Blades
 + Level 1.3 Axes
 + Level 1.3 Maces & Flails
 + Level 1.3 Polearms
 + Level 1.3 Staves
 + Level 1.3 Slings
 + Level 1.3 Bows
 + Level 1.3 Crossbows
 + Level 1.3 Throwing
 + Level 1.3 Armour
 + Level 4.7 Dodging
 + Level 4.3 Stealth
 + Level 1.3 Shields
 + Level 1.3 Unarmed Combat
 + Level 5.1 Spellcasting
 + Level 2.3 Conjurations
 + Level 1.0 Hexes
 + Level 1.0 Summonings
 + Level 1.0 Necromancy
 + Level 1.0 Translocations
 + Level 1.0 Transmutations
 + Level 1.0 Fire Magic
 + Level 1.0 Ice Magic
 + Level 5.5 Air Magic
 + Level 1.0 Earth Magic
 + Level 1.0 Poison Magic
 + Level 1.4 Invocations
 + Level 1.3 Evocations


You had 13 spell levels left.
You knew the following spells:

 Your Spells              Type           Power      Damage    Failure   Level
a - Shock                 Conj/Air       68%        1d7       2%          1

Your spell library contained the following spells:

 Spells                   Type           Power      Damage    Failure   Level
 Static Discharge         Conj/Air       17%        N/A       4%          2
 Swiftness                Air            23%        N/A       4%          3
 Airstrike                Air            11%        N/A       14%         4


Dungeon Overview and Level Annotations

Branches:
Dungeon (3/15)

Altars:


Innate Abilities, Weirdness & Mutations

You have very sharp teeth.
Your uncanny sense of smell can sniff out nearby items.
Your experience applies equally to all skills.


Message History

Aiming: Shock (safe; 2% risk of failure)
Press: ? - help, Q - select action Shift-Dir - straight line, f - orc priest
Aim: an orc priest, wielding a +0 hand axe and wearing a +0 ring mail (severely wounded, 75% to hit)
The zap misses the orc priest.
The orc priest barely misses you.
You hit the orc priest.
The orc priest is severely wounded.
The orc priest hits you with a +0 hand axe.
You closely miss the orc priest.
The orc priest is severely wounded.
The orc priest hits you with a +0 hand axe!
Aiming: Shock (safe; 2% risk of failure)
Press: ? - help, Q - select action Shift-Dir - straight line, f/p - orc priest
Aim: an orc priest, wielding a +0 hand axe and wearing a +0 ring mail (severely wounded, 75% to hit)
The zap hits the orc priest.
The orc priest is almost dead.
The zap hits the orc priest but does no damage.
The orc priest is almost dead.
The orc priest closely misses you.
You hit the orc priest but do no damage.
The orc priest is almost dead.
The orc priest looks satisfied for a moment.
You hit the orc priest but do no damage.
The orc priest is almost dead.
The orc priest hits you with a +0 hand axe.
You hit the orc priest but do no damage.
Your bite misses the orc priest.
The orc priest is almost dead.
The orc priest hits you with a +0 hand axe.
You hit the orc priest but do no damage.
You bite the orc priest.
The orc priest is almost dead.
The orc priest mumbles some strange prayers to Beogh against you.
Beogh smites you!
* * * LOW HITPOINT WARNING * * *
You closely miss the orc priest.
You punch the orc priest, but do no damage.
The orc priest is almost dead.
The orc priest hits you with a +0 hand axe.
You die...

... ..). #....
#...#### #+#†≈.#####
#.#.≈.)...#
#.#.≈.###.#
#######.##≈## #o#
.....#...#≈####@####.#
.≈≈≈≈....#≈#.........#
.≈.......######.######
#≈≈≈≈##.#.#####.# ###
#.#.......#
#.######### # #.# #.#
#.#


You could see an orc priest.

Vanquished Creatures
  An orc wizard (D:3)
  2 gnolls (D:1)
  4 adders
  3 orcs (D:3)
  A bat (D:1)
  4 endoplasms
  4 goblins
  A hobgoblin (D:2)
  A quokka (D:3)
  8 ball pythons
  3 kobolds
  2 rats (D:1)
34 creatures vanquished.

Notes
Turn   | Place    | Note
-------+----------+-------------------------------------------
     0 | D:1      | 101zpm the Gnoll Air Elementalist began the quest for the
                  | Orb.
     0 | D:1      | Reached XP level 1. HP: 13/13 MP: 6/6
   153 | D:1      | Reached XP level 2. HP: 1/20 MP: 0/7
   159 | D:1      | HP: 1/20 [constriction (1)]
   486 | D:1      | Reached skill level 5 in Spellcasting
   486 | D:1      | Reached XP level 3. HP: 25/25 MP: 1/9
   638 | D:1      | Reached skill level 1 in Invocations
  1247 | D:3      | Reached skill level 1 in Fighting
  1247 | D:3      | Reached skill level 1 in Short Blades
  1247 | D:3      | Reached skill level 1 in Long Blades
  1247 | D:3      | Reached skill level 1 in Axes
  1247 | D:3      | Reached skill level 1 in Maces & Flails
  1247 | D:3      | Reached skill level 1 in Polearms
  1247 | D:3      | Reached skill level 1 in Staves
  1247 | D:3      | Reached skill level 1 in Slings
  1247 | D:3      | Reached skill level 1 in Bows
  1247 | D:3      | Reached skill level 1 in Crossbows
  1247 | D:3      | Reached skill level 1 in Throwing
  1247 | D:3      | Reached skill level 1 in Armour
  1247 | D:3      | Reached skill level 1 in Shields
  1247 | D:3      | Reached skill level 1 in Unarmed Combat
  1247 | D:3      | Reached skill level 1 in Evocations
  1306 | D:3      | Reached XP level 4. HP: 32/32 MP: 7/11
  2058 | D:3      | Reached skill level 1 in Hexes
  2058 | D:3      | Reached skill level 1 in Summonings
  2058 | D:3      | Reached skill level 1 in Necromancy
  2058 | D:3      | Reached skill level 1 in Translocations
  2058 | D:3      | Reached skill level 1 in Transmutations
  2058 | D:3      | Reached skill level 1 in Fire Magic
  2058 | D:3      | Reached skill level 1 in Ice Magic
  2058 | D:3      | Reached skill level 1 in Earth Magic
  2058 | D:3      | Reached skill level 1 in Poison Magic
  2072 | D:3      | Reached XP level 5. HP: 31/37 MP: 0/12
  2085 | D:3      | Slain by an orc priest

Illustrated notes

Levels and vault maps discovered:
D:1:      lemuel_arrival_muddy, layout_loops_ring,
          shapermc_ecumenical_altar_petra, minmay_misc_feat_four_crosses
D:2:      layout_basic
D:3:      layout_loops_corners, serial_rivers, chequers_serial_rivers_large_a,
          chequers_serial_rivers_room_a, chequers_serial_rivers_micro_b,
          chequers_serial_rivers_micro_b, chequers_serial_rivers_micro_d

Skill      XL: |  1  2  3  4 |
---------------+-------------+-----
Conjurations   | 2 |  2.3
Spellcasting   | 5 |  5.1
Invocations    | 1 |  1.4
Fighting       | 1 |  1.3
Short Blades   | 1 |  1.3
Long Blades    | 1 |  1.3
Axes           | 1 |  1.3
Maces & Flails | 1 |  1.3
Polearms       | 1 |  1.3
Staves         | 1 |  1.3
Slings         | 1 |  1.3
Bows           | 1 |  1.3
Crossbows      | 1 |  1.3
Throwing       | 1 |  1.3
Armour         | 1 |  1.3
Shields        | 1 |  1.3
Unarmed Combat | 1 |  1.3
Evocations     | 1 |  1.3
Hexes          | 1 |  1.0
Summonings     | 1 |  1.0
Necromancy     | 1 |  1.0
Translocations | 1 |  1.0
Transmutations | 1 |  1.0
Fire Magic     | 1 |  1.0
Ice Magic      | 1 |  1.0
Earth Magic    | 1 |  1.0
Poison Magic   | 1 |  1.0
Dodging        | |  4.7
Stealth        | |  4.3
Air Magic      | |  5.5

Action                   |  1- 3 |  4- 6 || total
-------------------------+-------+-------++-------
Melee: Unarmed           |     3 |    10 ||    13
       Bite              |       |     2 ||     2
       Punch             |       |     1 ||     1
 Cast: Shock             |    44 |    40 ||    84
  Use: Scroll            |     2 |       ||     2
Armor: Robe              |     4 |       ||     4
Dodge: Dodged            |    23 |     4 ||    27
